AoeStats
← LazyGuy

MegaRandom

510911195Analyzed
4v4 RM · 22h ago on Oct 3, 2026· 58m 57s· 8 players
Game mode
Random Map
Map size
Large (8 player)
Population
200
Speed
Normal
Resources
Standard
Victory
Conquest
Starting age
Dark Age
Ending age
Imperial Age
RankedLock teamsTeams togetherTeam positionsShared explorationLock speedFull tech treeHidden civsTurbo modeCheats
Victory
Defeat
🇺🇸 Ethiopians · United States
1043
+14
🇺🇸 Italians · United States
1006
+16
🇲🇽 Lithuanians · Mexico
1005
+16
🇨🇦 Celts · Canada
965
+19
🇻🇳 Franks · Vietnam
1042
-18
🇵🇪 Aztecs · Peru
1041
-17
🇨🇳 Danes · China
997
-16
🇰🇷 Spanish · South Korea
944
-14
Abraham16034735
10:46 Feudal Age
13:55 Double-Bit Axe
13:54 Horse Collar
14:46 Loom
16:07 Town Watch
20:42 Castle Age
19:51 Scale Barding Armor
21:38 Heavy Plow
21:52 Bow Saw
22:21 Chain Barding Armor
24:21 Wheelbarrow
26:33 Bloodlines
27:15 Gold Mining
27:16 Stone Mining
28:17 Husbandry
29:00 Town Patrol
31:46 Hand Cart
32:53 Forging
33:01 Fletching
36:28 Imperial Age
34:56 Bodkin Arrow
35:43 Iron Casting
36:34 Cavalier
37:53 Plate Barding Armor
37:20 Bracer
38:56 Two-Man Saw
38:30 Crop Rotation
38:29 Conscription
38:19 Paladin
50:54 Treadmill Crane
51:25 Masonry
51:37 Ballistics
52:18 Chemistry
56:52 Architecture
56:19 Guard Tower
HoldMyB33rforme
9:26 Loom
11:31 Feudal Age
15:56 Castle Age
14:49 Double-Bit Axe
14:48 Horse Collar
16:29 Pikeman
17:42 Bow Saw
24:11 Wheelbarrow
23:25 Town Watch
24:05 Arson
28:25 Hand Cart
28:27 Heavy Plow
29:11 Man-at-Arms
29:56 Scale Mail Armor
30:16 Forging
29:57 Long Swordsman
30:24 Gambesons
32:21 Chain Mail Armor
32:42 Iron Casting
44:00 Imperial Age
44:06 Capped Ram
45:20 Plate Mail Armor
44:58 Two-Handed Swordsman
45:26 Arson
45:03 Siege Ram
46:37 Champion
50:00 Conscription
50:16 Furor Celtica
53:23 Blast Furnace
Spaghetti
0:32 Loom
13:41 Feudal Age
14:51 Double-Bit Axe
18:37 Fletching
18:47 Padded Archer Armor
22:39 Castle Age
22:34 Scale Barding Armor
22:39 Forging
23:33 Crossbowman
27:13 Bodkin Arrow
40:04 Bow Saw
57:32 Imperial Age
58:54 Leather Archer Armor
59:07 Bracer
58:43 Arbalester
711WasAPartTimeJob
9:10 Loom
11:27 Feudal Age
14:40 Fletching
16:57 Padded Archer Armor
18:19 Scale Mail Armor
23:23 Castle Age
22:15 Double-Bit Axe
22:38 Horse Collar
23:59 Bodkin Arrow
24:21 Leather Archer Armor
24:02 Crossbowman
25:07 Heavy Plow
27:00 Bow Saw
28:57 Ballistics
38:26 Imperial Age
36:40 Wheelbarrow
35:51 Town Watch
37:05 Chain Mail Armor
37:00 Forging
37:37 Squires
37:23 Arson
39:11 Iron Casting
38:58 Thumb Ring
38:31 Arbalester
38:54 Halberdier
40:05 Bracer
42:24 Arson
45:12 Chemistry
44:23 Masonry
45:25 Hand Cart
48:55 Plate Mail Armor
49:26 Blast Furnace
48:58 Ring Archer Armor
marshall_o18
0:39 Loom
10:55 Feudal Age
17:30 Castle Age
15:36 Double-Bit Axe
16:43 Scale Mail Armor
18:22 Pikeman
29:51 Squires
29:36 Arson
32:38 Man-at-Arms
35:33 Chain Mail Armor
35:29 Forging
37:57 Imperial Age
35:08 Long Swordsman
38:13 Gambesons
40:13 Horse Collar
40:59 Elite Jaguar Warrior
44:33 Town Watch
45:25 Wheelbarrow
COYS
11:04 Feudal Age
9:58 Loom
11:43 Double-Bit Axe
15:13 Town Watch
16:41 Forging
21:47 Castle Age
24:45 Wheelbarrow
26:36 Stone Mining
27:58 Horse Collar
29:24 Heavy Plow
32:53 Gold Mining
35:01 Bow Saw
39:20 Imperial Age
37:49 Hand Cart
39:38 Elite Conquistador
40:31 Husbandry
40:53 Bloodlines
41:13 Ballistics
42:31 Chemistry
41:18 Arrowslits
43:30 Scale Barding Armor
53:27 Chain Barding Armor
55:04 Plate Barding Armor
Tamerlane
10:04 Loom
12:43 Feudal Age
14:17 Double-Bit Axe
15:04 Horse Collar
19:07 Castle Age
17:41 Fletching
17:52 Padded Archer Armor
20:14 Leather Archer Armor
19:55 Bodkin Arrow
23:28 Bow Saw
25:19 Husbandry
25:29 Bloodlines
27:01 Thumb Ring
28:14 Ballistics
31:37 Wheelbarrow
30:48 Town Watch
31:57 Heavy Plow
37:09 Imperial Age
35:55 Squires
35:40 Arson
37:15 Hamask
37:18 Onager
39:35 Scale Mail Armor
40:11 Elite Varangian Guard
41:08 Chain Mail Armor
41:13 Northmen's Fury
45:20 Plate Mail Armor
45:53 Bracer
46:15 Man-at-Arms
46:40 Gambesons
46:56 Murder Holes
48:18 Chemistry
48:03 Long Swordsman
49:02 Two-Handed Swordsman
50:11 Champion
51:06 Capped Ram
53:46 Forging
56:55 Iron Casting
59:42 Blast Furnace
LazyGuy
2:37 Loom
11:51 Feudal Age
18:38 Castle Age
17:20 Double-Bit Axe
18:47 Wheelbarrow
18:26 Forging
18:39 Stone Mining
19:05 Fletching
24:42 Scale Barding Armor
26:56 Bow Saw
29:12 Bodkin Arrow
30:23 Scale Mail Armor
31:53 Hand Cart
31:28 Town Watch
32:30 Iron Casting
37:06 Imperial Age
35:47 Chain Mail Armor
35:56 Ordonnance Companies
38:43 Conscription
39:08 Hoardings
39:17 Plate Mail Armor
40:40 Chemistry
39:36 Murder Holes
41:36 Blast Furnace
40:06 Elite Throwing Axeman
42:41 Pikeman
43:21 Squires
44:00 Halberdier
45:45 Blast Furnace
45:28 Ballistics
45:19 Masonry
45:36 Ballistics
45:07 Arson
51:23 Architecture
Connection lost

Rejoining the realm…

Still unreachable

The connection could not be restored.

Session expired

The server has moved on; the page needs a fresh start.